 Dungeon Crawl Stone Soup version 0.31.0-11-ge490571c62 (webtiles) character file.

Game seed: 17517522404390305571

91 qw the Shooter (level 4, 0/22 HPs)
             Began as a Spriggan Hunter on Feb 3, 2024.
             Killed from afar by an orc wizard (4 damage)
             ... with a magic dart
             ... on level 3 of the Dungeon.
             The game lasted 00:00:07 (1835 turns).

qw the Shooter (Spriggan Hunter)                    Turns: 1835, Time: 00:00:07

Health: 0/22       AC:  2    Str:  7    XL:     4   Next: 34%
Magic:  5/5        EV: 19    Int: 10    God:
Gold:   112        SH:  0    Dex: 20    Spells: 3/3 levels left

rFire   . . .        a - +1 shortbow
rCold   . . .        (shield currently unavailable)
rNeg    . . .        c - +0 robe
rPois   .            (helmet restricted)
rElec   .            (no cloak)
rCorr   .            (gloves unavailable)
SInv    +            (boots unavailable)
Will    .....        (no amulet)
Stlth   ++           (no ring)
HPRegen 0.23/turn    (no ring)
MPRegen 0.09/turn

%: no passive effects
@: very quick
A: very small, no large weapons, unfitting armour, see invisible, speed 3
a: no special abilities


You were on level 3 of the Dungeon.
You visited 1 branch of the dungeon, and saw 3 of its levels.

You collected 112 gold pieces.


Innate Abilities, Weirdness & Mutations

You are very small and have problems with some larger weapons.
You are too small for most types of armour.
You have supernaturally acute eyesight. (SInv)
You cover ground extremely quickly. (Speed+++)


   Skills:
 - Level 1.5 Fighting
 - Level 5.1 Ranged Weapons
 + Level 4.5 Dodging
 - Level 1.5 Stealth


You had 3 spell levels left.
You didn't know any spells.
Your spell library was empty.

Inventory:

Hand Weapons
 a - a +1 shortbow (weapon)
Armour
 c - a +0 robe (worn)
Scrolls
 b - 2 scrolls of identify
 d - a scroll of immolation {unknown}
Potions
 e - 2 potions of curing
 h - a potion of degeneration {unknown}
 k - a potion of ambrosia {unknown}

Dungeon Overview and Level Annotations

Branches:
Dungeon (3/15)

Altars:
Yredelemnul


Message History

The orc wizard gestures at you while chanting.
You easily resist.
The hobgoblin misses you.
An orc comes into view. It is wielding a +0 whip.
1829 ||| RETREEEEATING.
A ball python comes into view.
The adder attacks as it pursues you! The adder bites you.
You are poisoned.
The adder poisons you!
You shoot an arrow. The arrow closely misses the adder.
You feel sick. The hobgoblin misses you. The adder completely misses you.
The orc wizard closely misses you.
A hobgoblin comes into view.
The hobgoblin hits you.
You shoot an arrow. The arrow barely misses the orc wizard.
You feel sick.
A jackal comes into view.
The adder barely misses you.
The orc wizard hits you with a +0 dagger.
The hobgoblin barely misses you. The adder bites you.
1832 ||| RETREEEEATING.
The jackal misses you.
You shoot an arrow. The arrow hits the jackal!
You kill the jackal!
You feel sick.
You are no longer poisoned.
The adder misses you.
1834 ||| RETREEEEATING.
You shoot an arrow.
The arrow closely misses the ball python.
The orc wizard barely misses you. The hobgoblin completely misses you.
The adder misses you. The ball python barely misses you.
The ball python misses you. The hobgoblin misses you.
The orc wizard hits you with a +0 dagger.
You shoot an arrow. The arrow hits the orc wizard.
The orc wizard is moderately wounded.
The adder closely misses you.
The ball python bites you but does no damage.
The ball python closely misses you.
The orc wizard gestures at you while chanting.
The magic dart hits you.
You die...

...
##.)#...........
..
#..##.....#####.
.. #.###|)8.## ##
# ###. #.# #..)##
# ... ... ##.#
#..##
.#.(##.###..#
#)##
......%%...####.#
.###...o##.....#
#>#lS@S.....#
.)..oog##.....#
#...)!### ......#
..#..g. .......
....... ......8
...... .......
...... .


You could see an orc wizard (invisible), an adder, 2 orcs, 2 hobgoblins, a ball
python and a frilled lizard.

Vanquished Creatures
  Terence (D:3)
  An adder (D:3)
  2 ribbon worms (D:2)
  An orc (D:3)
  8 endoplasms
  2 giant cockroaches
  4 goblins
  8 hobgoblins
  5 jackals (D:3)
  A quokka (D:2)
  5 ball pythons
  2 bats
  2 frilled lizards
  A kobold (D:3)
  2 rats (D:2)
45 creatures vanquished.

Notes
Turn   | Place    | Note
-------+----------+-------------------------------------------
     0 | D:1      | qw the Spriggan Hunter began the quest for the Orb.
     0 | D:1      | Reached XP level 1. HP: 10/10 MP: 2/2
     0 | D:1      | 0 ||| qw: Version: 0.3-a-157-g843a77d
     0 | D:1      | 0 ||| qw: Game counter: 4036
     0 | D:1      | 0 ||| qw: Melee chars always use a shield: true
     0 | D:1      | 0 ||| qw: God list: Okawaru
     0 | D:1      | 0 ||| qw: Allow faded altars: false
     0 | D:1      | 0 ||| qw: Do Orc after clearing Dungeon:15 true
     0 | D:1      | 0 ||| qw: Do second Lair branch before Depths: true
     0 | D:1      | 0 ||| qw: Lair rune preference: random
     0 | D:1      | 0 ||| qw: Goals: Normal
     0 | D:1      | 0 ||| PLANNING D:1-11
    57 | D:1      | Found a faded altar of an unknown god.
    62 | D:1      | Reached skill level 3 in Dodging
   316 | D:1      | Reached XP level 2. HP: 14/14 MP: 3/3
   733 | D:1      | 733 ||| READING scroll labelled JAIVUFYNLE.
   834 | D:1      | 834 ||| READING scroll labelled FURUFF EPUI.
   835 | D:1      | 835 ||| READING scroll labelled COASOKK DYPAI.
   835 | D:1      | 835 ||| ENCHANTING +0 shortbow.
   836 | D:1      | 836 ||| DROPPING scroll of butterflies.
  1109 | D:2      | Found a basalt altar of Yredelemnul.
  1133 | D:2      | Reached XP level 3. HP: 18/18 MP: 4/4
  1532 | D:2      | 1532 ||| READING 2 scrolls labelled GIUPTATHRIGG.
  1533 | D:2      | 1533 ||| READING 3 scrolls labelled ZACZOE COSKEV.
  1533 | D:2      | 1533 ||| IDENTIFYING fizzy brown potion
  1534 | D:2      | 1534 ||| READING 2 scrolls of identify.
  1534 | D:2      | 1534 ||| IDENTIFYING grey potion
  1535 | D:2      | 1535 ||| READING scroll of identify.
  1535 | D:2      | 1535 ||| IDENTIFYING green potion
  1536 | D:2      | 1536 ||| READING scroll labelled ADEESHR NYRHUO.
  1537 | D:2      | 1537 ||| DROPPING scroll of poison.
  1538 | D:2      | 1538 ||| DROPPING potion of invisibility.
  1539 | D:2      | 1539 ||| DROPPING potion of attraction.
  1541 | D:2      | 1541 ||| Stepping ~*~*~tactically~*~*~ (cloud).
  1542 | D:2      | 1542 ||| DRINKING potion of curing.
  1542 | D:2      | 1542 ||| (to cure poison)
  1544 | D:2      | 1544 ||| Stepping ~*~*~tactically~*~*~ (cloud).
  1550 | D:2      | HP: 4/18 [poisoned by you (poison gas)]
  1648 | D:3      | 1648 ||| PLANNING SEWER
  1660 | D:3      | Noticed Terence
  1669 | D:3      | HP: 2/18 [Terence/+0 falchion (6)]
  1672 | D:3      | Killed Terence
  1673 | D:3      | Reached skill level 5 in Ranged Weapons
  1673 | D:3      | Reached XP level 4. HP: 3/22 MP: 5/5
  1829 | D:3      | 1829 ||| RETREEEEATING.
  1831 | D:3      | HP: 5/22 [adder (4)]
  1832 | D:3      | 1832 ||| RETREEEEATING.
  1834 | D:3      | 1834 ||| RETREEEEATING.
  1835 | D:3      | Killed from afar by an orc wizard

Levels and vault maps discovered:
D:1:      dpeg_arrival_radiant, layout_basic, ebering_ecumenical_altar_rust,
          hangedman_decor_clover_reticule
D:2:      layout_basic, basic_altar
D:3:      layout_rooms, cheibrodos_worm_habitat,
          nicolae_overflow_ecumenical_swirl, fedhas_altar_3,
          hellmonk_ghost_happy_afterlife, portal_sewer_entry_d, uniq_terence

Skill      XL: |  1  2  3 |
---------------+----------+-----
Dodging        | 3 4 |  4.5
Ranged Weapons | 5 |  5.1
Fighting       | |  1.5
Stealth        | |  1.5

Action                     |  1- 3 |  4- 6 || total
---------------------------+-------+-------++-------
   Fire: Shortbow          |    90 |    36 ||   126
    Use: Scroll            |     8 |       ||     8
         Potion            |     1 |       ||     1
 Armour: Robe              |     7 |    11 ||    18
  Dodge: Dodged            |    19 |    30 ||    49

Table legend:
 A = Non-vault XP
 B = Vault XP
 C = Vault XP percentage of total XP
 D = Non-vault monster count
 E = Vault monster count
 F = Vault count percentage of total count
                 A         B        C        D         E       F
            +---------+---------+-------+---------+---------+-------
      Total |      95 |      36 |  27.5 |      44 |       1 |   2.2
            +---------+---------+-------+---------+---------+-------
        D:1 |      19 |       0 |   0.0 |      12 |       0 |   0.0
        D:2 |      44 |       0 |   0.0 |      21 |       0 |   0.0
        D:3 |      32 |      36 |  52.9 |      11 |       1 |   8.3
            +---------+---------+-------+---------+---------+-------
